 Dungeon Crawl Stone Soup version 0.29.1-13-g9f3cf754e1 (webtiles) character file.

Game seed: 5627517876071970187

1943 Thatpatchoflichen the Skirmisher (level 8, -1/50 HPs)
             Began as a Deep Elf Hunter on Jan 30, 2023.
             Was an Initiate of Ashenzari.
             Slain by a boulder beetle (51 damage)
             ... on level 7 of the Dungeon.
             The game lasted 00:26:21 (10165 turns).

Thatpatchoflichen the Skirmisher (Deep Elf Hunter) Turns: 10165, Time: 00:26:22

Health: -1/50      AC:  9    Str:  8    XL:     8   Next: 98%
Magic:  10/10      EV: 16    Int: 15    God:    Ashenzari [......]
Gold:   453        SH:  0    Dex: 20    Spells: 7/7 levels left

rFire   . . .      SeeInvis +   a - +0 shortbow
rCold   . . .      Faith    .   (shield currently unavailable)
rNeg    + . .      Spirit   .   c - +3 leather armour
rPois   .          Reflect  .   y - +0 helmet
rElec   .          Harm     .   C - +0 cloak of the Eye in the Sky {Range, Evo} (curse)
rCorr   .          Rampage  .   h - +0 pair of gloves
Will    .....                   (no boots)
Stlth   +++.......              (no amulet)
HPRegen 0.16/turn               l - ring of see invisible
MPRegen 0.12/turn               r - ring of positive energy

@: no status effects
A: no striking features
a: Renounce Religion, Shatter the Chains


You were on level 7 of the Dungeon.
You worshipped Ashenzari.
Ashenzari was noncommittal.
You visited 2 branches of the dungeon, and saw 9 of its levels.

You collected 453 gold pieces.

Inventory:

Hand Weapons
 a - a +0 shortbow (weapon)
Missiles
 k - 25 poisoned darts
 w - 4 curare-tipped darts
 A - 4 boomerangs
Armour
 c - a +3 leather armour (worn)
 h - a +0 pair of gloves (worn)
 y - a +0 helmet (worn)
 C - the cursed +0 cloak of the Eye in the Sky (worn) {Range, Evo}
   (You took it off Crazy Yiuf on level 2 of the Dungeon)

   It has a curse which improves the following skills: Ranged Combat: Ranged
   Weapons and Throwing.
   Evocations: Evocations.
Jewellery
 l - a ring of see invisible (left hand)
 r - a ring of positive energy (right hand)
 x - a ring of positive energy
 E - an amulet of magic regeneration
 G - a ring of wizardry
 H - a ring of fire
Wands
 o - a wand of flame (78)
 F - a wand of polymorph (14)
Scrolls
 b - 3 scrolls of immolation
 d - 3 scrolls of teleportation {unknown}
 i - 2 scrolls of magic mapping {unknown}
 j - 3 scrolls of blinking {unknown}
 p - 6 scrolls of identify {unknown}
 q - 3 scrolls of enchant armour {unknown}
 s - 3 scrolls of fog {unknown}
 t - 2 scrolls of silence {unknown}
 u - a scroll of torment {unknown}
 I - a scroll of enchant weapon {unknown}
 J - a scroll of fear {unknown}
Potions
 e - a potion of lignification {unknown}
 f - 3 potions of mutation {unknown}
 g - 5 potions of curing {unknown}
 m - 5 potions of ambrosia {unknown}
 n - 2 potions of haste {unknown}
 v - a potion of might
 z - 2 potions of attraction {unknown}
 B - a potion of degeneration {unknown}
 D - a potion of berserk rage {unknown}


   Skills:
 + Level 5.6 Fighting
 + Level 10.1(10.5) Ranged Weapons
 + Level 8.2 Dodging
 - Level 4.0 Stealth


You had 7 spell levels left.
You didn't know any spells.
Your spell library contained the following spells:

 Spells                   Type           Power      Damage    Failure   Level
 Freeze                   Ice            0%         1d3       36%         1
 Necrotise                Necr           0%         1d4       36%         1
 Ensorcelled Hibernation  Hex/Ice        0%         N/A       52%         2
 Passwall                 Tmut/Erth      0%         N/A       52%         2
 Frozen Ramparts          Ice            0%         1d1       75%         3
 Swiftness                Air            0%         N/A       75%         3
 Tukima's Dance           Hex            0%         N/A       75%         3
 Vampiric Draining        Necr           0%         2d6       75%         3
 Hailstorm                Conj/Ice       0%         3d3       98%         4
 Passage of Golubria      Tloc           0%         N/A       98%         4
 Summon Ice Beast         Ice/Summ       0%         N/A       98%         4
 Agony                    Necr           0%         N/A       100%        5
 Summon Mana Viper        Hex/Summ       0%         N/A       100%        5
 Yara's Violent Unravell  Hex/Tmut       0%         3d3       100%        5
 Monstrous Menagerie      Summ           0%         N/A       100%        7


Dungeon Overview and Level Annotations

Branches:
Dungeon (8/15)             Temple (1/1) D:5
   Lair: D:8-11

Altars:
Ashenzari
Cheibriados
Dithmenos
Elyvilon
Fedhas
Gozag
Kikubaaqudgha
Makhleb
Okawaru
Qazlal
Ru
Sif Muna
Trog
Uskayaw
Wu Jian
Xom
Yredelemnul
Zin

Annotations:
D:3 Pikel
D:4 Dowan; Duvessa
D:5 3 runed translucent doors, Gideon's ghost, novice TrGl


Message History

You shoot an arrow.
The arrow hits the boulder beetle but does no damage.
Unknown command.
Fire: a) +0 shortbow
Press: ? - help, Q - select action, (/) - cycle Shift-Dir - straight line, f/p - boulder beetle
Aim: a boulder beetle (91% to hit)
You shoot an arrow.
The arrow hits the boulder beetle but does no damage.
The boulder beetle leaps!
Fire: a) +0 shortbow
Press: ? - help, Q - select action, (/) - cycle Shift-Dir - straight line, f/p - boulder beetle
Aim: a boulder beetle (91% to hit)
You shoot an arrow. The arrow hits the boulder beetle!
The boulder beetle is lightly wounded.
Unknown command.
Fire: a) +0 shortbow
Press: ? - help, Q - select action, (/) - cycle Shift-Dir - straight line, f/p - boulder beetle
Aim: a boulder beetle (lightly wounded, 91% to hit)
You shoot an arrow.
The arrow hits the boulder beetle but does no damage.
The boulder beetle is lightly wounded.
The boulder beetle curls into a ball and begins rolling!
Fire: a) +0 shortbow
Press: ? - help, Q - select action, (/) - cycle Shift-Dir - straight line, f/p - boulder beetle
Aim: a boulder beetle (lightly wounded, rolling, 91% to hit)
Okay, then.
Fire: a) +0 shortbow
Press: ? - help, Q - select action, (/) - cycle Shift-Dir - straight line, f/p - boulder beetle
Aim: a boulder beetle (lightly wounded, rolling, 91% to hit)
You shoot an arrow.
The arrow hits the boulder beetle but does no damage.
The boulder beetle is lightly wounded.
Fire: a) +0 shortbow
Press: ? - help, Q - select action, (/) - cycle Shift-Dir - straight line, f/p - boulder beetle
Aim: a boulder beetle (lightly wounded, rolling, 91% to hit)
You shoot an arrow. The arrow hits the boulder beetle!
The boulder beetle is lightly wounded.
The boulder beetle hits you!!!
Ouch! That really hurt!
You die...

.....# ##....# ##.....#
##...#...# #..°## ..#
##..°# ... ##..○### ...
####..B...## ..
############....@.....# .
#.............†....(...#
.........................
...##########............
#### #..........##
......###### ####...#
#####


You could see a boulder beetle (rolling).

Vanquished Creatures
  Menkaure (D:4)
  A water moccasin (D:7)
  An orc warrior (D:5)
  A sky beast (D:6)
  2 ice beasts
  A black bear (D:6)
  A phantom (D:6)
  3 lemures
  A kobold brigand (D:8)
  2 bullfrogs
  A gnoll sergeant (D:7)
  A scorpion (D:6)
  3 wights (D:6)
  2 jellies
  2 hounds
  Crazy Yiuf (D:2)
  4 iguanas
  2 iron imps
  Jessica (D:2)
  3 orc wizards
  Natasha (thrice) (D:2)
  7 adders
  6 gnolls
  2 shadow imps
  An ufetubus (D:6)
  A worm (D:2)
  3 dart slugs
  15 orcs
  8 endoplasms
  4 giant cockroaches
  2 hobgoblins
  5 jackals (D:4)
  12 kobolds
  6 quokkas
  7 ball pythons
  2 bats
  5 frilled lizards
  4 goblins
  A goblin zombie (D:7)
  A kobold skeleton (D:7)
  An orc skeleton (D:7)
  5 rats
135 creatures vanquished.

Vanquished Creatures (others)
  15 plants (D:7)
15 creatures vanquished.

Grand Total: 150 creatures vanquished

Notes
Turn   | Place    | Note
-------+----------+-------------------------------------------
     0 | D:1      | Thatpatchoflichen the Deep Elf Hunter began the quest for
                  | the Orb.
     0 | D:1      | Reached XP level 1. HP: 12/12 MP: 3/3
    69 | D:1      | Reached XP level 2. HP: 17/17 MP: 4/4
   871 | D:2      | Reached XP level 3. HP: 21/21 MP: 5/5
  1128 | D:2      | Reached skill level 6 in Ranged Weapons
  1128 | D:2      | Reached XP level 4. HP: 26/26 MP: 6/6
  1183 | D:2      | Found a glowing silver altar of Zin.
  1417 | D:2      | Noticed Jessica
  1422 | D:2      | Killed Jessica
  1720 | D:2      | Found a runed translucent door.
  1721 | D:2      | Noticed Crazy Yiuf
  2040 | D:2      | Noticed Natasha
  2046 | D:2      | Killed Natasha
  2047 | D:2      | Reached XP level 5. HP: 21/31 MP: 7/7
  2188 | D:2      | Noticed Natasha
  2190 | D:2      | Killed Natasha
  2349 | D:2      | Noticed Natasha
  2354 | D:2      | Killed Natasha
  2684 | D:3      | Found a glowing silver altar of Zin.
  2688 | D:3      | Found an opulent altar of Gozag.
  2716 | D:3      | Found a faded altar of an unknown god.
  2992 | D:4      | Identified the +4 whip of Fuxt {vorpal, rF+ Dex+3 SInv}
  3101 | D:4      | Noticed Menkaure
  3104 | D:4      | Killed Menkaure
  3105 | D:4      | Reached skill level 7 in Ranged Weapons
  3105 | D:4      | Reached skill level 5 in Dodging
  3105 | D:4      | Reached XP level 6. HP: 37/37 MP: 8/8
  3173 | D:5      | Entered Level 5 of the Dungeon
  3197 | D:5      | Noticed an ice beast
  3477 | D:4      | Noticed Pikel
  3900 | D:5      | Found a runed translucent gate.
  3901 | D:5      | Found a runed translucent gate.
  3901 | D:5      | Found a runed translucent gate.
  4092 | D:5      | Noticed Gideon's ghost (novice TrGl)
  4270 | D:5      | Found a staircase to the Ecumenical Temple.
  4280 | Temple   | Entered the Ecumenical Temple
  4281 | Temple   | Noticed Eteu the pandemonium lord
  4281 | Temple   | Noticed a hell beast
  4281 | Temple   | Noticed an Executioner
  4281 | Temple   | Noticed Eshiudwu the pandemonium lord
  4282 | Temple   | Noticed an Ice Fiend
  4285 | Temple   | Noticed a blizzard demon
  4286 | Temple   | Noticed an Executioner
  4286 | Temple   | Noticed Mecirah the pandemonium lord
  4354 | Temple   | Noticed Beani the pandemonium lord
  4368 | Temple   | Noticed Gaeruh the pandemonium lord
  4385 | Temple   | Noticed an ice devil
  4390 | Temple   | Noticed a hell beast
  4391 | Temple   | Noticed Woewnini the pandemonium lord
  4391 | Temple   | Noticed an ice devil
  4749 | D:2      | Killed Crazy Yiuf
  5263 | D:4      | Noticed Duvessa
  5263 | D:4      | Noticed Dowan
  5669 | D:5      | Killed an ice beast
  5670 | D:5      | Reached XP level 7. HP: 42/42 MP: 9/9
  6535 | D:5      | Reached skill level 8 in Ranged Weapons
  7174 | D:6      | Found a broken altar of Ashenzari.
  7192 | D:6      | Became a worshipper of Ashenzari the Shackled
  7421 | D:6      | Reached XP level 8. HP: 27/48 MP: 10/10
  7678 | D:6      | Reached skill level 9 in Ranged Weapons
  8234 | D:6      | Reached skill level 5 in Fighting
  9048 | D:7      | Found a shadowy altar of Dithmenos.
  9100 | D:7      | Found a white marble altar of Elyvilon.
  9486 | D:7      | Found a snail-covered altar of Cheibriados.
 10021 | D:7      | Reached skill level 10 in Ranged Weapons
 10146 | D:7      | Noticed a boulder beetle
 10165 | D:7      | Slain by a boulder beetle

Illustrated notes

Levels and vault maps discovered:
D:1:      grunt_arrival_lava_bath, layout_rooms, serial_aquarium,
          aquarium_bridge_long_separate [aquarium_subvault_bridge,
          aquarium_subvault_window, aquarium_subvault_window,
          aquarium_subvault_balcony, aquarium_subvault_bridge,
          aquarium_subvault_window], aquarium_window_double, aquarium_window_1,
          aquarium_window_1, aquarium_window_corner, aquarium_view_4,
          roderic_lattice_a, minmay_statues_item, skrybe_limestone_x
D:2:      layout_basic, basic_altar, uniq_crazy_yiuf_cottage, uniq_natasha,
          uniq_jessica
D:3:      layout_basic, overflow_temple_1_default, nicolae_gozag_seed_capital,
          basic_ecumenical_altar, minmay_misc_feat_alley
D:4:      layout_cave_pods, uniq_duvessa, uniq_pikel, uniq_menkaure
D:5:      layout_basic, temple_fountains, gammafunk_ghost_necromancy
D:6:      layout_gridville, mainiacjoe_overflow_brackets
D:7:      layout_cave_pods, nicolae_overflow_crystal_walls,
          nicolae_tso_besieged_by_evil, chei_slow_surprise,
          nicolae_hepliaklqana_hippocampus, mainiacjoe_overflow_cross_hatched
D:8:      layout_gridville
Temple:   nicolae_temple_panitentiary

Skill      XL: |  1  2  3  4  5  6  7  8 |
---------------+-------------------------+-----
Stealth        | 2 4 |  4.0
Dodging        | 3 4 5 6 8 |  8.2
Fighting       | 2 3 4 5 |  5.6
Ranged Weapons | 6 7 8 10 | 10.1

Action                   |  1- 3 |  4- 6 |  7- 9 || total
-------------------------+-------+-------+-------++-------
 Fire: Shortbow          |    81 |   171 |   292 ||   544
Invok: Curse Item        |       |       |     1 ||     1
Armor: Leather armour    |     9 |    19 |    55 ||    83
       Scale mail        |       |       |    13 ||    13
Dodge: Dodged            |    22 |    74 |   158 ||   254
